 Dungeon Crawl Stone Soup version 0.29.1-1-gd02db6906a (webtiles) character file.

Game seed: 2390872240499808556

5441 RogueRain17 the Destroyer (level 10, -1/63 HPs)
             Began as a Demonspawn Conjurer on Oct 2, 2022.
             Was a Priest of Cheibriados.
             Slain by a cyan ugly thing (14 damage)
             ... on level 9 of the Dungeon.
             The game lasted 00:48:56 (12814 turns).

RogueRain17 the Destroyer (Demonspawn Conjurer)    Turns: 12814, Time: 00:48:58

Health: -1/63      AC:  7    Str: 15    XL:     10   Next: 41%
Magic:  13/13      EV: 15    Int: 37    God:    Cheibriados [***...]
Gold:   618        SH:  6    Dex: 18    Spells: 3/13 levels left

rFire   . . .      SeeInvis .   f - +0 dagger (pain)
rCold   . . .      Faith    .   D - +0 buckler
rNeg    . . .      Spirit   .   x - +0 ring mail
rPois   .          Reflect  .   (no helmet)
rElec   .          Harm     .   (no cloak)
rCorr   .          Rampage  .   (no gloves)
Will    .....                   o - +0 pair of boots
Stlth   ++++......              (no amulet)
HPRegen 0.20/turn               g - +4 ring of evasion
MPRegen 0.13/turn               b - +6 ring of intelligence

@: about to teleport, very slow
A: hooves 1, powered by pain 1, sturdy frame 1, demonic magic 1
a: Renounce Religion, Bend Time, Temporal Distortion


You were on level 9 of the Dungeon.
You worshipped Cheibriados.
Cheibriados was most pleased with you.
You visited 2 branches of the dungeon, and saw 10 of its levels.
You also visited: Bailey.

You collected 618 gold pieces.

Inventory:

Hand Weapons
 f - a +0 dagger of pain (weapon)
 B - a +3 dagger
 E - a +1 demon blade of venom
Armour
 a - a +0 robe
 o - a +0 pair of boots (worn)
 u - an orb of guile
 x - a +0 ring mail (worn)
 D - a +0 buckler (worn)
 F - a +0 kite shield
Magical Staves
 J - a staff of death
Jewellery
 b - a +6 ring of intelligence (right hand)
 g - a +4 ring of evasion (left hand)
 v - a ring of positive energy
 M - a ring of protection from cold
Wands
 y - a wand of digging (5)
 z - a wand of charming (11)
 C - a wand of flame (11)
Scrolls
 c - 16 scrolls of identify {unknown}
 d - 3 scrolls of butterflies {unknown}
 e - 2 scrolls of noise {unknown}
 j - 2 scrolls of vulnerability {unknown}
 m - 2 scrolls of blinking {unknown}
 n - 2 scrolls of torment {unknown}
 r - 3 scrolls of immolation {unknown}
 t - 2 scrolls of enchant armour {unknown}
 w - 4 scrolls of teleportation
 A - a scroll of summoning {unknown}
 G - a scroll of fear {unknown}
 H - 2 scrolls of magic mapping {unknown}
 L - a scroll of enchant weapon {unknown}
Potions
 h - 3 potions of curing {unknown}
 i - 4 potions of mutation {unknown}
 k - a potion of berserk rage {unknown}
 l - 4 potions of attraction {unknown}
 p - 2 potions of haste {unknown}
 q - a potion of might {unknown}
 s - a potion of cancellation {unknown}
 I - 2 potions of flight {unknown}
 K - a potion of ambrosia {unknown}


   Skills:
 - Level 0.2 Long Blades
 - Level 4.4 Armour
 - Level 1.8 Dodging
 + Level 7.9 Stealth
 - Level 5.0 Shields
 - Level 2.0 Spellcasting
 - Level 10.2 Conjurations
 + Level 6.0 Necromancy
 + Level 2.0 Fire Magic


You had 3 spell levels left.
You knew the following spells:

 Your Spells              Type           Power      Damage    Failure   Level
a - Magic Dart            Conj           100%       1d8       1%          1
b - Searing Ray           Conj           100%       2d8       1%          2
c - Dazzling Flash        Conj/Hex       82%        N/A       3%          3
d - Flame Wave            Conj/Fire      49%        2d12      7%          4

Your spell library contained the following spells:

 Spells                   Type           Power      Damage    Failure   Level
 Scorch                   Fire           38%        2d6       5%          2
 Beastly Appendage        Tmut           6%         N/A       9%          1
 Wereblood                Tmut           3%         N/A       13%         2
 Portal Projectile        Hex/Tloc       6%         N/A       26%         3
 Spider Form              Tmut/Pois      3%         N/A       26%         3
 Tukima's Dance           Hex            3%         N/A       26%         3
 Fulminant Prism          Conj/Hex       20%        3d13      11%         4
 Iskenderun's Mystic Bla  Conj/Tloc      41%        2d9       11%         4
 Blade Hands              Tmut           1%         N/A       94%         5
 Summon Cactus Giant      Summ           1%         N/A       100%        6


Dungeon Overview and Level Annotations

Branches:
Dungeon (9/15)             Temple (1/1) D:6          Bailey (visited)
   Lair: D:8-11         Orc: D:9-12

Altars:
Ashenzari
Cheibriados
Dithmenos
Fedhas
Gozag
Hepliaklqana
Kikubaaqudgha
Nemelex Xobeh
Okawaru
Qazlal
Ru
Sif Muna
Trog
Uskayaw
Wu Jian
Yredelemnul

Shops:
D:4 (   D:8 :

Annotations:
D:2 Sigmund
D:9 exclusion: orange crystal statue


Innate Abilities, Weirdness & Mutations

You have large cloven feet.
You sometimes gain a little power by taking damage.
Your movements are slightly less encumbered by armour. (ER -2)
Spells you cast may paralyse adjacent enemies.


Message History

The magic dart hits the troll.
The troll is lightly wounded.
Malevolent energies surge around you.
A cyan ugly thing comes into view.
Casting: Magic Dart (safe; 1% risk of failure)
Confirm with . or Enter, or press ? or * to list all spells.
Casting: Flame Wave (dangerous; 7% risk of failure)
Press: ? - help, Dir - look around, f - activate A wave of flame ripples out!
The flame wave engulfs the cyan ugly thing!
The cyan ugly thing is lightly wounded. (Press . to intensify the flame waves.) Malevolent energies surge around you.
The cyan ugly thing gores you. The cyan ugly thing shocks you!
A wave of flame ripples out!
The flame wave engulfs the cyan ugly thing!
The cyan ugly thing is moderately wounded.
The cyan ugly thing closely misses you.
A wave of flame ripples out!
The flame wave engulfs the cyan ugly thing!
The cyan ugly thing is heavily wounded.
The flame wave engulfs the troll!
The troll is moderately wounded.
You finish channelling waves of flame.
The cyan ugly thing closely misses you.
Casting: Flame Wave (dangerous; 7% risk of failure)
Confirm with . or Enter, or press ? or * to list all spells.
Aiming: Magic Dart (safe; 1% risk of failure)
Press: ? - help, Shift-Dir - straight line, f - cyan ugly thing
Aim: a cyan ugly thing (heavily wounded, 100% to hit)
The magic dart hits the cyan ugly thing but does no damage.
The cyan ugly thing is heavily wounded.
Malevolent energies surge around you. The cyan ugly thing gores you.
The cyan ugly thing shocks you!
As you read the scroll labelled JEISIT EKHLORU, it crumbles to dust.
You feel strangely unstable.
It was a scroll of teleportation.
The cyan ugly thing gores you!
* * * LOW HITPOINT WARNING * * *
You focus on the pain.
You feel your power returning. The cyan ugly thing shocks you!
You die...

######### .......
..... ...
#######'#######
#.....u........
#.....@T.......
###..............
#................
#####................
#...<........#######.
#...#####....# #...#
#....+ #...# #....# #
#...# ....# #


You could see a cyan ugly thing and a troll.

Vanquished Creatures
  A two-headed ogre (D:9)
  Maurice (D:8)
  A troll (D:9)
  Eustachio (D:6)
  2 wyverns (D:8)
  6 orc warriors
  4 ogres
  6 centaurs
  Blork the orc (D:6)
  2 kobold brigands
  2 phantoms
  A necrophage (D:5)
  A bullfrog (D:8)
  2 gnoll sergeants (D:6)
  3 scorpions
  10 wights
  2 howler monkeys (D:8)
  2 lava snakes (D:9)
  A gnoll bouda (D:7)
  A hound (D:6)
  4 jellies
  7 orc priests
  6 iguanas
  Crazy Yiuf (D:7)
  8 orc wizards
  3 gnolls (D:7)
  5 adders
  A shadow imp (D:8)
  4 worms
  A dart slug (D:3)
  41 orcs
  6 ball pythons
  8 bats
  9 endoplasms
  4 giant cockroaches
  11 goblins
  4 hobgoblins
  2 jackals (D:2)
  2 quokkas
  3 frilled lizards
  20 kobolds
  3 rats (D:1)
203 creatures vanquished.

Vanquished Creatures (others)
  An orc warrior (Bailey)
1 creature vanquished.

Grand Total: 204 creatures vanquished

Notes
Turn   | Place    | Note
-------+----------+-------------------------------------------
     0 | D:1      | RogueRain17 the Demonspawn Conjurer began the quest for the
                  | Orb.
     0 | D:1      | Reached XP level 1. HP: 13/13 MP: 3/3
   310 | D:1      | Gained mutation: You have large cloven feet. [demonic
                  | ancestry]
   310 | D:1      | Reached XP level 2. HP: 13/19 MP: 0/5
  1287 | D:1      | Reached XP level 3. HP: 24/24 MP: 2/6
  1670 | D:2      | Reached skill level 5 in Conjurations
  1962 | D:2      | Noticed Sigmund
  2997 | D:3      | Reached XP level 4. HP: 30/30 MP: 1/7
  3111 | D:3      | Reached skill level 6 in Conjurations
  3325 | D:3      | Noticed a golden eye
  3330 | D:3      | Noticed a shining eye
  3352 | D:3      | Found a faded altar of an unknown god.
  3354 | D:3      | Noticed a great orb of eyes
  3360 | D:3      | Noticed an eye of devastation
  3406 | D:3      | Gained mutation: Your movements are slightly less
                  | encumbered by armour. (ER -2) [demonic ancestry]
  3406 | D:3      | Reached XP level 5. HP: 35/35 MP: 6/8
  3788 | D:4      | Found a bloodstained altar of Trog.
  3885 | D:4      | Found Leiskoc's Antique Weapon Emporium.
  4020 | D:4      | Noticed an ogre
  4032 | D:4      | Killed an ogre
  4033 | D:4      | Reached skill level 7 in Conjurations
  4033 | D:4      | Reached XP level 6. HP: 3/41 MP: 6/9
  4721 | D:1      | Learned a level 2 spell: Searing Ray
  4786 | D:5      | Entered Level 5 of the Dungeon
  4890 | D:5      | Reached skill level 8 in Conjurations
  5106 | D:5      | Reached XP level 7. HP: 46/46 MP: 5/10
  5335 | D:5      | Reached skill level 9 in Conjurations
  5884 | D:6      | Noticed Eustachio
  6100 | D:6      | Reached skill level 1 in Armour
  6411 | D:6      | Gained mutation: You sometimes gain a little power by
                  | taking damage. [demonic ancestry]
  6411 | D:6      | Reached XP level 8. HP: 47/52 MP: 4/11
  6565 | D:6      | Reached skill level 10 in Conjurations
  6906 | D:6      | Found a staircase to the Ecumenical Temple.
  6921 | Temple   | Entered the Ecumenical Temple
  7004 | Temple   | Became a worshipper of Cheibriados the Contemplative
  7180 | D:6      | Killed Eustachio
  7181 | D:6      | Reached skill level 1 in Shields
  7252 | D:6      | Noticed Blork the orc
  7258 | D:6      | Killed Blork the orc
  7359 | D:6      | Learned a level 3 spell: Dazzling Flash
  8051 | D:5      | Reached * piety under Cheibriados
  8386 | D:7      | Found a flagged portal.
  8397 | Bailey   | Entered a bailey
  8413 | Bailey   | Gained mutation: Spells you cast may paralyse adjacent
                  | enemies. [demonic ancestry]
  8413 | Bailey   | Reached XP level 9. HP: 44/57 MP: 1/12
  8790 | Bailey   | HP: 2/57 [orc warrior/+0 trident (11)]
  8792 | Bailey   | Reached ** piety under Cheibriados
  9355 | Bailey   | Reached skill level 5 in Stealth
 10144 | D:7      | Reached skill level 1 in Necromancy
 10705 | D:7      | Reached skill level 5 in Shields
 10811 | D:7      | Found a runed translucent door.
 10812 | D:7      | Noticed Crazy Yiuf
 10973 | D:7      | Killed Crazy Yiuf
 11234 | D:8      | Reached *** piety under Cheibriados
 11352 | D:8      | Reached XP level 10. HP: 28/62 MP: 13/13
 11645 | D:8      | Noticed Maurice
 11654 | D:8      | Killed Maurice
 11655 | D:8      | Reached skill level 5 in Necromancy
 12035 | D:8      | Found Tunahet's Book Boutique.
 12095 | D:8      | Learned a level 4 spell: Flame Wave
 12223 | D:8      | Found a sparkling altar of Nemelex Xobeh.
 12347 | D:9      | Noticed a two-headed ogre
 12357 | D:9      | Killed a two-headed ogre
 12358 | D:9      | Reached skill level 1 in Fire Magic
 12570 | D:9      | Noticed an orange crystal statue
 12808 | D:9      | Noticed a cyan ugly thing
 12814 | D:9      | Slain by a cyan ugly thing

Illustrated notes

Levels and vault maps discovered:
D:1:      dpeg_arrival_rhombi, layout_basic
D:2:      layout_basic, interstate_on_off, uniq_sigmund
D:3:      layout_rooms, hellmonk_ecumenical_altar_watching_god
D:4:      layout_rooms, bloody_trog, minitemple, serial_shops,
          nicolae_shop_overgrown_old_shop, gup_sewer_entry_spiral,
          minmay_strange_pillars
D:5:      layout_basic
D:6:      layout_rooms, minmay_temple_entry_water_ring,
          chequers_serial_rivers_small_3, sword_in_stone
D:7:      layout_rooms, enter_bailey_3, uniq_crazy_yiuf_cottage
D:8:      layout_rooms, kennysheep_little_box, serial_shops,
          nicolae_shop_behind_doors, minmay_misc_feat_hallway, uniq_maurice
D:9:      layout_irregular_city, nicolae_vehumet_altar_sigil, minivault_15,
          disabler_island
Temple:   nicolae_temple_bog_church

Skill      XL: |  1  2  3  4  5  6  7  8  9 10 |
---------------+-------------------------------+-----
Conjurations   | 5 6 7 8 9 10 | 10.2
Armour         | 2 4 |  4.4
Stealth        | 3 6 7 |  7.9
Shields        | 2 5 |  5.0
Necromancy     | 4 6 |  6.0
Fire Magic     | 2 |  2.0
Long Blades    | |  0.2
Dodging        | |  1.8
Spellcasting   | |  2.0

Action                   |  1- 3 |  4- 6 |  7- 9 | 10-12 || total
-------------------------+-------+-------+-------+-------++-------
Melee: Unarmed           |     9 |    12 |       |       ||    21
       Kick              |     1 |       |       |       ||     1
       Demon blade       |       |       |    14 |       ||    14
       Dagger            |       |       |    21 |    41 ||    62
 Cast: Magic Dart        |   103 |    93 |   244 |    61 ||   501
       Searing Ray       |       |     2 |    46 |     1 ||    49
       Dazzling Flash    |       |       |     3 |     3 ||     6
       Flame Wave        |       |       |       |     3 ||     3
Evoke: Wand              |       |     1 |    31 |       ||    32
  Use: Potion            |       |     2 |     4 |       ||     6
       Scroll            |       |       |       |     1 ||     1
 Stab: Paralysed         |       |       |    11 |     6 ||    17
       Invisible         |       |       |     1 |       ||     1
Armor: Robe              |     4 |     9 |       |       ||    13
       Ring mail         |       |       |    12 |    16 ||    28
Dodge: Dodged            |     9 |    21 |    94 |    40 ||   164
Block: Buckler           |       |       |    18 |    20 ||    38
